 Dungeon Crawl Stone Soup version 0.30-a0-1160-g6e42c06551 (webtiles) character file.

Game seed: 7452159235134946328

606 cheesebisquit the Sneak (level 7, 0/40 HPs)
             Began as a Kobold Enchanter on Apr 26, 2023.
             Slain by SirDiesAlot's ghost (13 damage)
             ... on level 3 of the Dungeon.
             The game lasted 00:10:46 (3683 turns).

cheesebisquit the Sneak (Kobold Enchanter)          Turns: 3683, Time: 00:10:46

Health: 0/40       AC:  3    Str:  5 (6)  XL:     7   Next: 71%
Magic:  4/12       EV: 15    Int: 15 (16) God:
Gold:   264        SH:  0    Dex: 14 (17) Spells: 5/13 levels left

rFire   . . .        g - +2 dagger (speed)
rCold   . . .        (no shield)
rNeg    . . .        b - +0 robe
rPois   .            o - +0 helmet
rElec   .            m - scarf {shadows}
rCorr   .            (no gloves)
SInv    .            (no boots)
Will    +....        (no amulet)
Stlth   ++++         j - ring of willpower
HPRegen 0.26/turn    (no ring)
MPRegen 0.13/turn

%: no passive effects
@: invisible
A: small, no large weapons, nightstalker 3
a: no special abilities


You were on level 3 of the Dungeon.
You visited 1 branch of the dungeon, and saw 5 of its levels.

You collected 264 gold pieces.

Inventory:

Hand Weapons
 g - a +2 dagger of speed (weapon)
Armour
 b - a +0 robe (worn)
 m - a scarf of shadows (worn)
 o - a +0 helmet (worn)
Jewellery
 j - a ring of willpower (left hand)
 u - a ring of positive energy
Wands
 k - a wand of mindburst (5)
Scrolls
 a - a scroll of enchant weapon {unknown}
 e - 2 scrolls of immolation
 h - 2 scrolls of magic mapping {unknown}
 i - 5 scrolls of identify {unknown}
 l - a scroll of poison {unknown}
 n - 4 scrolls of noise {unknown}
 p - a scroll of fear {unknown}
 r - a scroll of amnesia {unknown}
Potions
 c - a potion of invisibility
 d - 3 potions of curing
 f - a potion of degeneration
 q - 2 potions of brilliance {unknown}
 s - 2 potions of mutation {unknown}
 t - a potion of berserk rage {unknown}


   Skills:
 + Level 2.9 Fighting
 * Level 5.7 Short Blades
 + Level 4.1 Dodging
 + Level 5.7 Stealth
 + Level 3.6 Spellcasting
 + Level 4.1 Hexes


You had 5 spell levels left.
You knew the following spells:

 Your Spells              Type           Power      Damage    Failure   Level
a - Ensorcelled Hibernat  Hex/Ice        16%        N/A       12%         2
b - Confusing Touch       Hex            15%        N/A       11%         3
c - Tukima's Dance        Hex            15%        N/A       11%         3

Your spell library contained the following spells:

 Spells                   Type           Power      Damage    Failure   Level
 Apportation              Tloc           4%         N/A       19%         1
 Necrotise                Necr           8%         1d4       19%         1
 Summon Small Mammal      Summ           8%         N/A       19%         1
 Dazzling Flash           Conj/Hex       16%        N/A       24%         3
 Alistair's Intoxication  Tmut/Pois      1%         N/A       99%         5
 Borgnjor's Vile Clutch   Necr/Erth      1%         N/A       99%         5
 Eringya's Noxious Bog    Tmut/Pois      1%         N/A       100%        6


Dungeon Overview and Level Annotations

Branches:
Dungeon (5/15)
 Temple: D:4-7

Altars:

Shops:
D:2 [   D:4 :

Annotations:
D:3 1 runed translucent door, SirDiesAlot's ghost, amateur OgGl


Innate Abilities, Weirdness & Mutations

You are small and have problems with some larger weapons.
You are completely attuned to the shadows.


Message History

The adder poisons you!
You feel sick. The adder attacks as you move away! The adder bites you.
You are more poisoned.
The adder poisons you!
The ball python attacks as you move away!
The ball python bites you but does no damage.
The ball python misses you.
You feel very sick. The adder bites you.
You are more poisoned.
The adder poisons you!
You are too injured to fight recklessly!
Aiming: Ensorcelled Hibernation (safe; 12% risk of failure)
Press: ? - help, Q - select action, (/) - cycle Shift-Dir - straight line, f/p - adder
Aim: an adder (chance to affect: 51%)
The adder looks drowsy...
You feel very sick.
SirDiesAlot's ghost screams, "There is no future for me!"
The helpless adder fails to defend itself.
You spit the adder like a pig!!!
You kill the adder!
You feel sick.
Aiming: Ensorcelled Hibernation (safe; 12% risk of failure)
Press: ? - help, Q - select action, (/) - cycle Shift-Dir - straight line, f - ball python
Aim: a ball python (chance to affect: 61%)
The ball python looks drowsy...
You feel sick.
You fade into invisibility!
You feel sick. SirDiesAlot's ghost barely misses you.
You feel sick.
You feel sick.
You feel sick.
You feel sick.
You feel sick.
It was a potion of curing.
You feel better.
It was a potion of degeneration.
There was something very wrong with that liquid.
You feel weakened.
You feel dopey.
You feel clumsy. SirDiesAlot's ghost hits you!
You die...

#...........###########.#
#.###.#.................#
#.# #.##....#############
#.# #.##....####### ..#
#.#####.......# ####### #
### #.# #.......#
##.#~~~~ ~ ###)#
#.......####..'~~~~ ~
#...# #.......#...S.#~~~~
r #...#
###.....@.#r######### #
#..)# #.......W.#.# #
#..)# #...........# #
#...# #...........# #####
###)#######.#.....# #....
#......##.#.##### #.#.#
### #......##.#.# #..#.
..# #......##.#.# ##.#≈
#.# #.........#.# ##.~≈


You could see SirDiesAlot's ghost (unable to see you).

Vanquished Creatures
  Grinder (D:3)
  A black bear (D:4)
  An ogre (D:5)
  A bullfrog (D:3)
  Terence (D:2)
  Robin (D:3)
  5 adders
  2 worms (D:3)
  10 dart slugs (D:3)
  3 bats
  6 endoplasms
  2 giant cockroaches (D:1)
  7 hobgoblins
  A quokka (D:3)
  7 ball pythons
  6 frilled lizards
  14 goblins
  2 kobolds
  4 rats
75 creatures vanquished.

Notes
Turn   | Place    | Note
-------+----------+-------------------------------------------
     0 | D:1      | cheesebisquit the Kobold Enchanter began the quest for the
                  | Orb.
     0 | D:1      | Reached XP level 1. HP: 10/10 MP: 3/3
   284 | D:1      | Reached XP level 2. HP: 15/15 MP: 5/5
   287 | D:1      | Learned a level 2 spell: Ensorcelled Hibernation
   701 | D:1      | Reached XP level 3. HP: 20/20 MP: 6/6
   767 | D:2      | Learned a level 3 spell: Confusing Touch
   935 | D:2      | Noticed Terence
   939 | D:2      | Killed Terence
   940 | D:2      | Reached skill level 1 in Fighting
   940 | D:2      | Reached XP level 4. HP: 25/25 MP: 7/7
   989 | D:2      | Found Motuok's Antique Armour Emporium.
  1061 | D:2      | Found a faded altar of an unknown god.
  1713 | D:2      | Learned a level 3 spell: Tukima's Dance
  2002 | D:3      | Reached XP level 5. HP: 29/29 MP: 5/9
  2131 | D:3      | Noticed Grinder
  2154 | D:3      | Killed Grinder
  2155 | D:3      | Reached skill level 5 in Stealth
  2155 | D:3      | Reached XP level 6. HP: 25/35 MP: 5/10
  2245 | D:3      | Noticed Robin
  2334 | D:3      | Killed Robin
  2443 | D:3      | You fall into a shaft and drop 2 floors!
  2443 | D:5      | Entered Level 5 of the Dungeon
  2455 | D:5      | Noticed an ogre
  2458 | D:5      | Killed an ogre
  2459 | D:5      | Reached skill level 5 in Short Blades
  2459 | D:5      | Reached XP level 7. HP: 40/40 MP: 10/12
  2531 | D:4      | Found Huunyang's Tiny Tomes.
  2912 | D:3      | Found a runed translucent door.
  3206 | D:3      | Found a runed translucent door.
  3665 | D:3      | Noticed SirDiesAlot's ghost (amateur OgGl)
  3683 | D:3      | Slain by SirDiesAlot's ghost

Illustrated notes

Levels and vault maps discovered:
D:1:      erik_arrival_triangle_large, layout_loops_ring
D:2:      layout_basic, hellmonk_ecumenical_altar_blasted, serial_shops,
          nicolae_shop_pleasant_corner_grove, uniq_terence
D:3:      kennysheep_slugbush, layout_basic, ebering_ghost_sewer_f,
          uniq_grinder, uniq_robin
D:4:      minmay_goblin_kobold_castle, layout_basic,
          mainiacjoe_overflow_large_starburst,
          nicolae_shop_i_like_small_books_too
D:5:      kennysheep_big_flooded_room, layout_loops_ring, vehumet_altar_wand_db,
          grunt_decor_clamped

Skill      XL: |  1  2  3  4  5  6  7 |
---------------+----------------------+-----
Short Blades   | 2 3 4 5 |  5.7
Fighting       | 1 2 |  2.9
Dodging        | 3 4 |  4.1
Stealth        | 5 |  5.7
Spellcasting   | 3 |  3.6
Hexes          | 4 |  4.1

Action                     |  1- 3 |  4- 6 |  7- 9 || total
---------------------------+-------+-------+-------++-------
  Melee: Dagger            |    51 |    67 |    19 ||   137
   Cast: Ensorcelled Hiber |     3 |    20 |    17 ||    40
    Use: Potion            |       |       |     3 ||     3
   Stab: Sleeping          |    20 |    25 |    13 ||    58
 Armour: Robe              |     1 |     1 |     4 ||     6
  Dodge: Dodged            |    21 |    16 |    18 ||    55

Table legend: (Time is in decaauts)
 A = Elapsed time spent in this place.
 B = Non-inter-level travel time spent in this place.
 C = Inter-level travel time spent in this place.
 D = Time resting spent in this place.
 E = Time spent auto-exploring this place.
 F = Levels seen in this place.
 G = Mean time per level.
                   A        B        C        D        E       F      G
               +--------+--------+--------+--------+--------+-----+--------+
         Total |   3639 |   3564 |     75 |     86 |   2968 |   5 |  727.8 |
       Dungeon |   3639 |   3564 |     75 |     86 |   2968 |   5 |  727.8 |
               +--------+--------+--------+--------+--------+-----+--------+

Top non-repeatable levels by time:
     D:3: 1738 daAuts
     D:2: 994 daAuts
     D:1: 748 daAuts
     D:4: 102 daAuts
     D:5: 55 daAuts
